 Dungeon Crawl Stone Soup version 0.30-a0-172-gc5509c9e31 (webtiles) character file.

Game seed: 5479597278046472705

0 blackman the Trooper (level 1, 19/19 HPs)
             Began as a Demigod Wanderer on Oct 2, 2022.
             Quit the game on level 1 of the Dungeon.
             The game lasted 00:00:06 (48 turns).

blackman the Trooper (Demigod Wanderer)               Turns: 48, Time: 00:00:06

Health: 19/19      AC:  3    Str: 14    XL:     1   Next: 6%
Magic:  5/5        EV: 11    Int: 12    God:
Gold:   0          SH:  0    Dex: 14    Spells: 2/3 levels left

rFire   . . .      SeeInvis .    a - +1 spear
rCold   . . .      Faith    .    (no shield)
rNeg    . . .      Spirit   .    c - +0 leather armour
rPois   .          Reflect  .    (no helmet)
rElec   .          Harm     .    (no cloak)
rCorr   .          Rampage  .    (no gloves)
Will    .....                    (no boots)
Stlth   +.........               (no amulet)
HPRegen 0.23/turn                (no ring)
MPRegen 0.09/turn                (no ring)

@: no status effects
A: high MP 1, forlorn, divine attributes
a: no special abilities


You were on level 1 of the Dungeon.
You visited 1 branch of the dungeon, and saw 1 of its levels.

Inventory:

Hand Weapons
 a - a +1 spear (weapon)
Armour
 c - a +0 leather armour (worn)
Scrolls
 d - a scroll of amnesia {unknown}
Potions
 b - a potion of attraction


   Skills:
 + Level 3.6 Fighting
 + Level 1.8 Polearms
 + Level 1.7 Spellcasting
 + Level 1.7 Poison Magic


You had 2 spell levels left.
You knew the following spells:

 Your Spells              Type           Power      Damage    Failure   Level
a - Sting                 Tmut/Pois      12%        1d3       24%         1

Your spell library contained the following spells:

 Spells                   Type           Power      Damage    Failure   Level
 Poisonous Vapours        Pois/Air       6%         N/A       36%         2
 Olgreb's Toxic Radiance  Pois           5%         N/A       86%         4


Dungeon Overview and Level Annotations

Branches:
Dungeon (1/15)


Innate Abilities, Weirdness & Mutations

You have an increased reservoir of magic. (+10% MP)
You shall have no god before yourself.
Your divine heritage dramatically boosts your attributes as you level up.


Message History

Welcome, blackman the Demigod Wanderer.
The heart of this dungeon contains the wondrous artefact, the Orb of Zot.
Press ? for a list of commands and other information.
Found a staircase leading out of the dungeon.
You begin with the following items: a +1 spear, a potion of attraction, a +0 leather armour; and the following spell memorised: Sting; and the following spells available to memorise: Poisonous Vapours, Olgreb's Toxic Radiance.
Are you sure you want to abandon this character and quit the game? (Confirm with "yes".)
Okay, then.
You open the door.
There is an open door here.
Key pressed, stopping explore.
Key pressed, stopping explore.
Key pressed, stopping explore.
Key pressed, stopping explore.
Key pressed, stopping explore.
Key pressed, stopping explore.
Key pressed, stopping explore.
d - a scroll labelled WOORGHET IFRY
Found a clear potion.
A rat comes into view.
You see here a scroll labelled YFERAS FAWE.
A rat is nearby!
A rat is nearby!
A rat is nearby!
A rat is nearby!
A rat is nearby!
A rat is nearby!
A rat is nearby!
A rat is nearby!
A rat is nearby!
A rat is nearby!
A rat is nearby!
Found 15 gold pieces.
You reach to attack!
You hit the rat.
You kill the rat!
No target in view!
No target in view!
No target in view!
No target in view!
Are you sure you want to abandon this character and quit the game? (Confirm with "yes".)

.######§..#.#.!
.....§§........ §§§.≈§
≈≈.≈≈≈ # #≈.≈# #≈.§# ≈
... #≈.≈# #≈.≈# §.≈
#..≈###≈.≈###≈.≈###≈.§
...≈≈§≈≈.§≈≈≈≈§≈≈≈≈≈.≈
#...†.@.?..§.........
...§≈≈≈≈.≈≈§§§§≈≈≈≈≈.
##.≈###≈.§###≈§≈###≈§≈
$.§ #≈.≈# #≈.≈# §.≈ .
#§§≈###≈.≈###≈.≈
§§§§§≈≈§§.≈≈≈≈≈.≈
.......§...§..§...
≈≈≈≈.§≈§§≈.≈§≈§≈.§
≈.≈###≈.≈###≈.≈


There were no monsters in sight!

Vanquished Creatures
  A rat (D:1)
1 creature vanquished.

Notes
Turn   | Place    | Note
-------+----------+-------------------------------------------
     0 | D:1      | blackman the Demigod Wanderer began the quest for the Orb.
     0 | D:1      | blackman set off with the following items: a +1 spear, a
                  | potion of attraction, a +0 leather armour; and the
                  | following spell memorised: Sting; and the following spells
                  | available to memorise: Poisonous Vapours, Olgreb's Toxic
                  | Radiance.
     0 | D:1      | Reached XP level 1. HP: 19/19 MP: 5/5
    48 | D:1      | Quit the game

Illustrated notes

Levels and vault maps discovered:
D:1:      lightli_arrival_maybe_door_vault, layout_basic, kennysheep_doodads,
          kennysheep_boxes

Action                   || total
-------------------------++-------
Melee: Spear             ||     1

Table legend: (Time is in decaauts)
 A = Elapsed time spent in this place.
 B = Non-inter-level travel time spent in this place.
 C = Inter-level travel time spent in this place.
 D = Time resting spent in this place.
 E = Time spent auto-exploring this place.
 F = Levels seen in this place.
 G = Mean time per level.
                   A        B        C        D        E       F      G
               +--------+--------+--------+--------+--------+-----+--------+
         Total |     48 |     48 |      0 |      0 |     43 |   1 |   48.0 |
       Dungeon |     48 |     48 |      0 |      0 |     43 |   1 |   48.0 |
               +--------+--------+--------+--------+--------+-----+--------+

Top non-repeatable levels by time:
     D:1: 48 daAuts
